AoeStats
← PacoArc

Arabia

505159018Analyzed
3v3 RM · 26d ago on Sep 8, 2026· 41m 11s· 6 players
Game mode
Random Map
Map size
Normal (6 player)
Population
200
Speed
Normal
Resources
Standard
Victory
Conquest
Starting age
Dark Age
Ending age
Imperial Age
RankedLock teamsTeams togetherTeam positionsShared explorationLock speedFull tech treeHidden civsTurbo modeCheats
Victory
Defeat
🇲🇽 Georgians · Mexico
1028
+19
🇲🇽 Khitans · Mexico
1027
+19
🇲🇽 Byzantines · Mexico
1021
+20
🇨🇦 Vietnamese · Canada
1123
-20
🇺🇸 Lithuanians · United States
1101
-19
🇨🇳 Saracens · China
1087
-19
AoeAuthority.com
10:03 Feudal Age
9:45 Loom
15:20 Bloodlines
20:24 Castle Age
18:55 Horse Collar
19:02 Double-Bit Axe
21:25 Heavy Plow
21:41 Bow Saw
23:53 Gold Mining
24:44 Scale Barding Armor
26:55 Forging
26:47 Pikeman
37:31 Imperial Age
35:10 Squires
34:56 Arson
36:21 Scale Mail Armor
38:03 Halberdier
39:36 Hoardings
39:45 Wheelbarrow
39:58 Chain Mail Armor
Lumi.S
7:14 Loom
9:47 Feudal Age
13:56 Double-Bit Axe
15:37 Fletching
24:28 Castle Age
24:24 Padded Archer Armor
26:23 Thumb Ring
27:12 Bow Saw
34:26 Gold Mining
wuyu
6:49 Loom
11:21 Feudal Age
15:52 Castle Age
13:58 Double-Bit Axe
15:04 Horse Collar
23:44 Loom
25:53 Wheelbarrow
32:09 Heavy Plow
32:21 Bow Saw
33:36 Gold Mining
37:09 Imperial Age
34:50 Scale Barding Armor
35:32 Forging
36:29 Gold Shaft Mining
37:25 Bloodlines
37:28 Stone Mining
37:57 Husbandry
38:34 Iron Casting
39:52 Chain Barding Armor
luis22cdt
4:56 Loom
11:27 Feudal Age
17:30 Castle Age
16:25 Double-Bit Axe
26:08 Wheelbarrow
27:22 Forging
27:13 Scale Mail Armor
27:16 Padded Archer Armor
26:52 Elite Skirmisher
32:53 Imperial Age
34:28 Leather Archer Armor
34:04 Fletching
36:27 Thumb Ring
36:47 Heavy Camel Rider
37:44 Scale Barding Armor
38:10 Ring Archer Armor
37:36 Bodkin Arrow
39:09 Hand Cart
39:12 Chain Mail Armor
39:33 Iron Casting
PacoArc
10:52 Feudal Age
10:14 Loom
13:48 Bloodlines
19:08 Castle Age
17:32 Horse Collar
18:09 Double-Bit Axe
19:26 Scale Barding Armor
21:13 Bow Saw
23:50 Wheelbarrow
23:27 Husbandry
25:27 Hand Cart
25:51 Elite Skirmisher
33:28 Imperial Age
31:56 Ballistics
32:20 Padded Archer Armor
32:11 Fletching
34:13 Heavy Plow
35:16 Conscription
35:18 Bodkin Arrow
37:09 Chemistry
37:10 Crop Rotation
RKO KINGSLAYER
6:38 Loom
9:10 Feudal Age
10:02 Double-Bit Axe
10:07 Domestication
21:09 Castle Age
19:22 Forging
19:17 Scale Barding Armor
22:22 Bow Saw
21:40 Light Cavalry
22:21 Husbandry
31:17 Wheelbarrow
34:49 Imperial Age
34:02 Pastoralism
35:16 Iron Casting
35:02 Chain Barding Armor
36:09 Fletching
36:19 Padded Archer Armor
36:47 Thumb Ring
37:08 Parthian Tactics
38:06 Conscription
39:59 Plate Barding Armor
39:21 Bodkin Arrow
39:41 Leather Archer Armor
39:27 Gold Mining
39:15 Heavy Camel Rider
Connection lost

Rejoining the realm…

Still unreachable

The connection could not be restored.

Session expired

The server has moved on; the page needs a fresh start.